General information
- name: BNet
- type: Ladder team game (AT/RT)
- host: Battle.net
- saver: Thule
map: Deathknell
- players: 8
- length: 40:26
- speed: Fast
- version: 1.26 W3XP
- replay type: Public
» download(230 KB)
Players
team 1 (loser)

»
4G.CRYFOR)EPICA (
teal | 41 APM | 1640 actions | 40:26)
5 Demon Hunter
3 Immolation
2 Evasion
» actions
| Assign group hotkey | 13 | |
| Basic commands | 27 | |
| Build / train | 52 | |
| Enter build submenu | 17 | |
| Enter hero's abilities submenu | 5 | |
| Right click | 525 | |
| Select / deselect | 282 | |
| Select group hotkey | 630 | |
| Use ability | 89 | |
1640 total
» units
| Wisp | 17 | |
| Hippogryph | 1 | |
| Druid of the Talon | 17 | |
35 total
» upgrades
| Druid of the Talon Training | 2 | |
| Mark of the Talon | 1 | |
3 total
» buildings
| Altar of Elders | 3 | |
| Moon Well | 6 | |
| Tree of Ages | 1 | |
| Hunter's Hall | 1 | |
| Ancient of Wonders | 1 | |
| Ancient Protector | 2 | |
| Tree of Eternity | 1 | |
| Ancient of Wind | 2 | |
| Tree of Life | 1 | |
18 total
» build order
00:02 Altar of Elders
00:20 Altar of Elders
00:34 Moon Well
02:10 Moon Well
02:42 Tree of Ages
02:44 Hunter's Hall
03:23 Moon Well
03:35 Ancient of Wonders
03:38 Moon Well
03:47 Ancient Protector
05:55 Tree of Eternity
05:57 Ancient of Wind
05:58 Ancient of Wind
07:16 Ancient Protector
13:28 Moon Well
13:29 Moon Well
19:50 Tree of Life
22:13 Altar of Elders
» items
| Potion of Healing | 2 | |
| Lesser Clarity Potion | 1 | |
| Orb of Venom | 1 | |
| Scroll of Town Portal | 1 | |
5 total
YoullCowards (
red | 44 APM | 1723 actions | 39:14)
7 Blademaster
3 Wind Walk
3 Critical Strike
1 Bladestorm
» actions
| Assign group hotkey | 38 | |
| Basic commands | 97 | |
| Build / train | 81 | |
| Enter build submenu | 46 | |
| Enter hero's abilities submenu | 7 | |
| Give item / drop item | 9 | |
| Remove unit from queue | 1 | |
| Right click | 798 | |
| Select / deselect | 345 | |
| Select group hotkey | 162 | |
| Use ability | 139 | |
1723 total
» units
| Peon | 8 | |
| Grunt | 6 | |
| Goblin Shredder | 1 | |
| Wind Rider | 12 | |
| Goblin Sapper | 8 | |
| Goblin Zeppelin | 2 | |
37 total
» upgrades
| Ranged Weapons | 3 | |
| Armor | 4 | |
| Reinforced Defenses | 1 | |
| Envenomed Spears | 1 | |
9 total
» buildings
| Orc Burrow | 5 | |
| Altar of Storms | 1 | |
| Barracks | 1 | |
| Voodoo Lounge | 1 | |
| Stronghold | 4 | |
| War Mill | 1 | |
| Beastiary | 4 | |
| Great Hall | 4 | |
| Watch Tower | 37 | |
| Fortress | 1 | |
59 total
» build order
00:13 Orc Burrow
00:53 Altar of Storms
00:54 Barracks
01:05 Orc Burrow
01:52 Voodoo Lounge
02:50 Stronghold
02:50 Stronghold
02:50 Stronghold
03:58 Orc Burrow
04:12 War Mill
05:34 Beastiary
05:35 Beastiary
06:02 Great Hall
07:15 Watch Tower
07:15 Watch Tower
07:16 Watch Tower
07:16 Watch Tower
07:42 Orc Burrow
10:03 Beastiary
10:03 Beastiary
10:09 Fortress
13:31 Watch Tower
13:32 Watch Tower
13:34 Watch Tower
13:35 Watch Tower
13:36 Watch Tower
13:37 Watch Tower
16:56 Orc Burrow
17:08 Watch Tower
17:10 Watch Tower
17:11 Watch Tower
17:13 Watch Tower
17:14 Watch Tower
22:19 Great Hall
22:25 Great Hall
22:28 Great Hall
22:32 Watch Tower
22:32 Watch Tower
22:33 Watch Tower
30:41 Watch Tower
30:52 Watch Tower
30:56 Watch Tower
31:00 Watch Tower
31:05 Watch Tower
31:08 Watch Tower
31:10 Watch Tower
31:12 Watch Tower
31:14 Watch Tower
31:17 Watch Tower
31:18 Watch Tower
31:19 Watch Tower
31:20 Watch Tower
31:22 Watch Tower
31:22 Watch Tower
31:24 Watch Tower
31:25 Watch Tower
31:26 Watch Tower
» items
| Healing Salve | 8 | |
| Scroll of Town Portal | 4 | |
| Potion of Healing | 5 | |
| Lesser Clarity Potion | 2 | |
| Potion of Mana | 1 | |
| Orb of Lightning | 1 | |
21 total
Thule (
purple | 88 APM | 3573 actions | 40:26)
7 Archmage
3 Summon Water Elemental
3 Brilliance Aura
1 Mass Teleport
» actions
| Assign group hotkey | 132 | |
| Basic commands | 130 | |
| Build / train | 249 | |
| ESC pressed | 19 | |
| Enter build submenu | 89 | |
| Enter hero's abilities submenu | 7 | |
| Give item / drop item | 7 | |
| Remove unit from queue | 1 | |
| Right click | 1121 | |
| Select / deselect | 516 | |
| Select group hotkey | 940 | |
| Use ability | 362 | |
3573 total
» units
| Peasant | 23 | |
| Footman | 8 | |
| Goblin Shredder | 4 | |
| Goblin Zeppelin | 4 | |
| Ice Troll Berserker | 1 | |
| Gryphon Rider | 4 | |
| Dragonhawk Rider | 1 | |
| Goblin Sapper | 2 | |
| Mortar Team | 3 | |
50 total
» upgrades
| Masonry | 3 | |
| Swords | 3 | |
| Defend | 1 | |
| Armor | 4 | |
| Lumber Harvesting | 2 | |
| Animal War Training | 1 | |
| Storm Hammers | 1 | |
| Cloud | 1 | |
| Gunpowder | 3 | |
| Plating | 2 | |
| Magic Sentry | 1 | |
| Fragmentation Shards | 1 | |
| Flare | 1 | |
| Sorceress Training | 2 | |
| Priest Training | 2 | |
| Control Magic | 1 | |
| Barrage | 1 | |
| Flak Cannons | 1 | |
| Flying Machine Bombs | 1 | |
| Long Rifles | 1 | |
| Backpack | 1 | |
34 total
» buildings
| Altar of Kings | 2 | |
| Barracks | 1 | |
| Farm | 12 | |
| Arcane Vault | 1 | |
| Lumber Mill | 1 | |
| Town Hall | 2 | |
| Scout Tower | 93 | |
| Arcane Tower | 3 | |
| Keep | 2 | |
| Blacksmith | 1 | |
| Guard Tower | 19 | |
| Castle | 4 | |
| Gryphon Aviary | 5 | |
| Arcane Sanctum | 1 | |
| Workshop | 3 | |
| Cannon Tower | 64 | |
214 total
» build order
01:02 Altar of Kings
01:08 Barracks
01:12 Altar of Kings
01:14 Farm
01:16 Farm
01:27 Farm
02:00 Arcane Vault
02:23 Lumber Mill
02:32 Farm
02:59 Farm
04:07 Town Hall
04:59 Scout Tower
05:17 Arcane Tower
05:17 Arcane Tower
05:17 Arcane Tower
05:28 Keep
05:28 Keep
06:31 Scout Tower
06:49 Blacksmith
06:53 Scout Tower
06:54 Scout Tower
06:55 Scout Tower
07:17 Scout Tower
07:17 Scout Tower
07:18 Scout Tower
07:19 Scout Tower
07:20 Scout Tower
07:32 Guard Tower
07:32 Guard Tower
07:51 Guard Tower
07:51 Guard Tower
07:51 Guard Tower
08:13 Castle
08:13 Castle
08:31 Scout Tower
08:32 Scout Tower
08:44 Gryphon Aviary
08:46 Gryphon Aviary
08:49 Gryphon Aviary
09:05 Guard Tower
10:11 Arcane Sanctum
12:56 Gryphon Aviary
13:02 Gryphon Aviary
13:30 Scout Tower
13:30 Scout Tower
13:31 Scout Tower
13:33 Scout Tower
13:34 Scout Tower
13:36 Scout Tower
13:40 Scout Tower
14:02 Guard Tower
14:02 Guard Tower
14:03 Guard Tower
14:03 Guard Tower
14:12 Guard Tower
14:13 Guard Tower
14:15 Farm
14:16 Farm
14:22 Farm
14:23 Farm
14:24 Farm
14:25 Farm
16:12 Farm
16:50 Guard Tower
19:11 Scout Tower
19:12 Scout Tower
19:15 Scout Tower
19:51 Guard Tower
19:51 Guard Tower
21:50 Workshop
21:54 Workshop
21:55 Workshop
23:08 Town Hall
30:46 Scout Tower
30:47 Scout Tower
30:50 Scout Tower
30:51 Scout Tower
30:53 Scout Tower
30:54 Scout Tower
30:59 Scout Tower
31:02 Scout Tower
31:27 Cannon Tower
31:27 Cannon Tower
31:27 Cannon Tower
31:28 Cannon Tower
31:28 Cannon Tower
31:29 Cannon Tower
31:30 Cannon Tower
31:30 Cannon Tower
31:30 Cannon Tower
31:31 Cannon Tower
32:46 Scout Tower
32:47 Scout Tower
32:48 Scout Tower
32:49 Scout Tower
32:50 Scout Tower
32:51 Scout Tower
32:51 Scout Tower
32:52 Scout Tower
32:53 Scout Tower
32:54 Scout Tower
32:55 Scout Tower
32:58 Scout Tower
33:00 Scout Tower
33:01 Scout Tower
33:01 Scout Tower
33:04 Scout Tower
33:04 Scout Tower
33:08 Scout Tower
33:09 Scout Tower
33:55 Scout Tower
33:55 Scout Tower
33:56 Scout Tower
33:58 Scout Tower
34:00 Scout Tower
34:01 Scout Tower
34:01 Scout Tower
34:03 Scout Tower
34:04 Scout Tower
34:06 Scout Tower
34:07 Scout Tower
34:08 Scout Tower
34:10 Scout Tower
34:14 Scout Tower
34:15 Scout Tower
34:16 Scout Tower
34:17 Scout Tower
34:18 Scout Tower
34:19 Scout Tower
34:21 Scout Tower
34:22 Scout Tower
34:23 Scout Tower
34:27 Scout Tower
34:28 Scout Tower
34:30 Scout Tower
34:31 Scout Tower
34:32 Scout Tower
34:33 Scout Tower
34:35 Scout Tower
34:36 Scout Tower
34:37 Scout Tower
34:38 Scout Tower
34:39 Scout Tower
34:40 Scout Tower
34:41 Scout Tower
34:42 Scout Tower
34:43 Scout Tower
34:44 Scout Tower
34:46 Scout Tower
34:46 Scout Tower
34:47 Scout Tower
34:48 Scout Tower
35:56 Cannon Tower
35:56 Cannon Tower
35:57 Cannon Tower
35:58 Cannon Tower
35:59 Cannon Tower
36:01 Cannon Tower
36:01 Cannon Tower
36:01 Cannon Tower
36:11 Cannon Tower
36:12 Cannon Tower
36:12 Cannon Tower
36:12 Cannon Tower
36:13 Cannon Tower
36:13 Cannon Tower
36:32 Cannon Tower
36:32 Cannon Tower
36:32 Cannon Tower
36:39 Cannon Tower
36:39 Cannon Tower
36:40 Cannon Tower
36:47 Cannon Tower
36:47 Cannon Tower
36:47 Cannon Tower
37:04 Cannon Tower
37:05 Cannon Tower
37:10 Cannon Tower
37:11 Cannon Tower
37:11 Cannon Tower
37:12 Cannon Tower
37:12 Cannon Tower
37:13 Cannon Tower
37:23 Scout Tower
37:24 Scout Tower
37:55 Cannon Tower
37:55 Cannon Tower
37:55 Cannon Tower
37:56 Cannon Tower
37:56 Cannon Tower
38:22 Cannon Tower
38:23 Cannon Tower
» items
| Scroll of Regeneration | 5 | |
| Lesser Clarity Potion | 1 | |
| Scroll of Town Portal | 2 | |
| Ivory Tower | 4 | |
| Staff of Sanctuary | 1 | |
| Mechanical Critter | 2 | |
15 total
ilikeanalalot (
green | 36 APM | 1302 actions | 35:52)
4 Death Knight
2 Death Coil
2 Unholy Aura
2 Crypt Lord
1 Impale
1 Spiked Carapace
» actions
| Assign group hotkey | 20 | |
| Build / train | 40 | |
| Enter build submenu | 24 | |
| Enter hero's abilities submenu | 6 | |
| Right click | 857 | |
| Select / deselect | 224 | |
| Select group hotkey | 92 | |
| Use ability | 39 | |
1302 total
» units
| Acolyte | 6 | |
| Ghoul | 4 | |
| Crypt Fiend | 6 | |
| Frost Wyrm | 8 | |
24 total
» upgrades
» buildings
| Altar of Darkness | 1 | |
| Ziggurat | 9 | |
| Graveyard | 1 | |
| Crypt | 1 | |
| Tomb of Relics | 2 | |
| Nerubian Tower | 2 | |
| Halls of the Dead | 1 | |
| Spirit Tower | 1 | |
| Black Citadel | 1 | |
| Sacrificial Pit | 1 | |
| Boneyard | 2 | |
22 total
» build order
00:07 Altar of Darkness
00:10 Ziggurat
00:37 Graveyard
01:11 Crypt
01:31 Ziggurat
01:46 Tomb of Relics
02:09 Tomb of Relics
03:09 Nerubian Tower
03:35 Halls of the Dead
04:46 Ziggurat
05:38 Ziggurat
05:40 Spirit Tower
06:43 Black Citadel
08:04 Sacrificial Pit
08:07 Nerubian Tower
09:40 Boneyard
09:44 Boneyard
12:14 Ziggurat
13:32 Ziggurat
13:35 Ziggurat
15:37 Ziggurat
15:44 Ziggurat
» items
team 2 (winner)

»
bubbles. (
pink | 22 APM | 900 actions | 40:26)
4 Blood Mage
2 Flame Strike
2 Banish
» actions
| Basic commands | 11 | |
| Build / train | 68 | |
| Enter build submenu | 21 | |
| Enter hero's abilities submenu | 4 | |
| Remove unit from queue | 9 | |
| Right click | 411 | |
| Select / deselect | 317 | |
| Use ability | 58 | |
900 total
» units
| Peasant | 24 | |
| Footman | 5 | |
| Rifleman | 2 | |
31 total
» upgrades
| Masonry | 1 | |
| Defend | 0 | |
| Long Rifles | 1 | |
2 total
» buildings
| Altar of Kings | 2 | |
| Farm | 5 | |
| Barracks | 2 | |
| Town Hall | 1 | |
| Arcane Vault | 2 | |
| Scout Tower | 5 | |
| Lumber Mill | 1 | |
| Arcane Tower | 3 | |
| Guard Tower | 4 | |
| Keep | 2 | |
| Blacksmith | 1 | |
| Castle | 1 | |
| Arcane Sanctum | 1 | |
30 total
» build order
00:39 Altar of Kings
00:48 Farm
01:01 Barracks
01:09 Farm
01:48 Farm
03:38 Farm
04:20 Town Hall
04:31 Arcane Vault
04:34 Scout Tower
04:41 Arcane Vault
04:46 Lumber Mill
04:59 Arcane Tower
05:29 Scout Tower
05:50 Farm
05:56 Scout Tower
05:58 Arcane Tower
06:00 Guard Tower
06:24 Guard Tower
06:25 Scout Tower
07:15 Guard Tower
07:23 Keep
07:35 Blacksmith
08:41 Scout Tower
10:03 Arcane Tower
10:04 Castle
10:07 Barracks
10:11 Arcane Sanctum
12:54 Guard Tower
12:59 Altar of Kings
13:12 Keep
» items
| Scroll of Regeneration | 3 | |
| Potion of Healing | 2 | |
| Ivory Tower | 4 | |
| Lesser Clarity Potion | 3 | |
| Potion of Mana | 1 | |
| Scroll of Town Portal | 1 | |
14 total
ICONTROLTHEGAME (
blue | 119 APM | 1752 actions | 14:41)
4 Blademaster
2 Wind Walk
2 Critical Strike
» actions
| Assign group hotkey | 101 | |
| Basic commands | 1 | |
| Build / train | 47 | |
| Enter build submenu | 13 | |
| Enter hero's abilities submenu | 4 | |
| Remove unit from queue | 5 | |
| Right click | 657 | |
| Select / deselect | 141 | |
| Select group hotkey | 701 | |
| Use ability | 82 | |
1752 total
» units
| Peon | 7 | |
| Raider | 6 | |
| Troll Batrider | 4 | |
17 total
» upgrades
| Ensnare | 1 | |
| Pillage | 1 | |
| Melee Weapons | 2 | |
4 total
» buildings
| Altar of Storms | 1 | |
| Orc Burrow | 5 | |
| Voodoo Lounge | 1 | |
| Stronghold | 1 | |
| Beastiary | 4 | |
| War Mill | 1 | |
13 total
» build order
00:10 Altar of Storms
00:22 Orc Burrow
01:03 Voodoo Lounge
01:59 Stronghold
02:27 Orc Burrow
04:23 Beastiary
04:25 Beastiary
04:26 Beastiary
04:30 War Mill
05:34 Orc Burrow
06:53 Orc Burrow
07:57 Beastiary
12:03 Orc Burrow
» items
| Healing Salve | 7 | |
| Lesser Clarity Potion | 1 | |
| Scroll of Speed | 1 | |
| Scroll of Town Portal | 2 | |
| Potion of Healing | 1 | |
12 total
mail-orderBride (
orange | 69 APM | 2768 actions | 40:13)
7 Archmage
3 Summon Water Elemental
3 Brilliance Aura
1 Mass Teleport
» actions
| Assign group hotkey | 37 | |
| Basic commands | 50 | |
| Build / train | 73 | |
| Enter build submenu | 31 | |
| Enter hero's abilities submenu | 7 | |
| Give item / drop item | 3 | |
| Right click | 1069 | |
| Select / deselect | 303 | |
| Select group hotkey | 1010 | |
| Use ability | 185 | |
2768 total
» units
| Peasant | 13 | |
| Footman | 5 | |
| Goblin Shredder | 4 | |
| Gryphon Rider | 3 | |
| Dragonhawk Rider | 2 | |
| Goblin Zeppelin | 6 | |
33 total
» upgrades
| Masonry | 3 | |
| Swords | 2 | |
| Armor | 2 | |
| Animal War Training | 1 | |
| Storm Hammers | 1 | |
| Cloud | 1 | |
10 total
» buildings
| Altar of Kings | 1 | |
| Barracks | 1 | |
| Farm | 12 | |
| Scout Tower | 36 | |
| Arcane Tower | 2 | |
| Town Hall | 3 | |
| Lumber Mill | 1 | |
| Guard Tower | 12 | |
| Arcane Vault | 1 | |
| Keep | 1 | |
| Blacksmith | 1 | |
| Castle | 1 | |
| Gryphon Aviary | 4 | |
76 total
» build order
00:08 Altar of Kings
00:21 Barracks
00:36 Farm
00:52 Farm
01:35 Farm
01:47 Scout Tower
02:17 Arcane Tower
03:00 Farm
03:40 Town Hall
03:46 Scout Tower
03:46 Scout Tower
04:27 Lumber Mill
05:12 Arcane Tower
05:33 Farm
05:35 Guard Tower
06:07 Scout Tower
06:08 Scout Tower
06:08 Scout Tower
06:51 Guard Tower
07:05 Scout Tower
07:05 Scout Tower
07:06 Scout Tower
07:06 Scout Tower
07:07 Scout Tower
07:08 Scout Tower
07:15 Arcane Vault
07:17 Keep
07:26 Farm
07:47 Guard Tower
08:04 Scout Tower
08:05 Scout Tower
08:05 Scout Tower
08:06 Scout Tower
08:06 Scout Tower
08:10 Guard Tower
08:46 Scout Tower
08:46 Scout Tower
08:47 Scout Tower
08:51 Guard Tower
08:58 Blacksmith
09:00 Farm
09:01 Farm
09:02 Farm
09:02 Farm
09:06 Guard Tower
09:18 Guard Tower
09:55 Castle
10:06 Gryphon Aviary
10:08 Gryphon Aviary
10:12 Gryphon Aviary
11:22 Farm
11:24 Farm
12:12 Gryphon Aviary
13:24 Scout Tower
13:24 Scout Tower
13:24 Scout Tower
13:25 Scout Tower
13:26 Scout Tower
13:26 Scout Tower
14:04 Guard Tower
14:46 Guard Tower
15:26 Scout Tower
15:26 Scout Tower
15:29 Scout Tower
15:35 Scout Tower
15:35 Scout Tower
15:35 Scout Tower
15:38 Scout Tower
15:38 Scout Tower
15:47 Scout Tower
16:14 Guard Tower
16:14 Guard Tower
16:53 Guard Tower
21:27 Town Hall
25:13 Town Hall
» items
| Scroll of Regeneration | 2 | |
| Scroll of Town Portal | 1 | |
3 total

»
Dr-Strangelove (
yellow | 20 APM | 812 actions | 40:26)
4 Shadow Hunter
2 Hex
1 Serpent Ward
1 Healing Wave
3 Far Seer
1 Chain Lighting
1 Feral Spirit
1 Far Sight
» actions
| Assign group hotkey | 28 | |
| Basic commands | 40 | |
| Build / train | 93 | |
| Enter build submenu | 18 | |
| Enter hero's abilities submenu | 7 | |
| Right click | 281 | |
| Select / deselect | 220 | |
| Select group hotkey | 52 | |
| Use ability | 73 | |
812 total
» units
| Peon | 19 | |
| Grunt | 16 | |
| Troll Headhunter/Berserker | 13 | |
| Demolisher | 1 | |
| Raider | 5 | |
| Wind Rider | 2 | |
56 total
» upgrades
| Pillage | 1 | |
| Armor | 2 | |
| Ranged Weapons | 2 | |
| Melee Weapons | 2 | |
| Troll Regeneration | 1 | |
| Berserker Upgrade | 1 | |
| Berserker Strength | 1 | |
| Burning Oil | 1 | |
| Reinforced Defenses | 1 | |
12 total
» buildings
| Orc Burrow | 5 | |
| Altar of Storms | 1 | |
| Barracks | 1 | |
| Voodoo Lounge | 1 | |
| War Mill | 1 | |
| Stronghold | 1 | |
| Watch Tower | 7 | |
| Fortress | 1 | |
| Great Hall | 1 | |
19 total
» build order
00:25 Orc Burrow
00:48 Altar of Storms
01:04 Barracks
01:28 Orc Burrow
01:54 Voodoo Lounge
02:33 War Mill
04:13 Stronghold
04:31 Orc Burrow
04:49 Watch Tower
05:53 Watch Tower
06:06 Watch Tower
07:20 Orc Burrow
07:55 Fortress
10:15 Great Hall
12:15 Watch Tower
16:51 Watch Tower
17:24 Watch Tower
18:30 Watch Tower
19:44 Orc Burrow
» items
| Healing Salve | 2 | |
| Lesser Clarity Potion | 1 | |
| Scroll of Speed | 1 | |
| Potion of Healing | 3 | |
| Scroll of Town Portal | 4 | |
| Orb of Lightning | 2 | |
13 total
Chat log
(00:08 / All) YoullCowards: You'll cowards don't even smoke crack
(00:17 / All) ilikeanalalot: they do
(00:20 / All) ilikeanalalot: ive seen it
(00:58 / Allies) ilikeanalalot: 4g
(01:03 / Allies) ilikeanalalot: u didnt play for 4kings
(01:04 / Allies) ilikeanalalot: son
(01:13 / Allies) 4G.CRYFOR)EPICA: of cource not
(01:21 / Allies) ilikeanalalot: :D
(01:22 / Allies) 4G.CRYFOR)EPICA: 4K = Four Kings
(01:27 / Allies) 4G.CRYFOR)EPICA: 4G is another thing
(01:36 / Allies) ilikeanalalot: o_O
(01:54 / Allies) ilikeanalalot: relax the attitude
(01:58 / Allies) ilikeanalalot: :D
(02:25 / Allies) ilikeanalalot: ima go harass
(02:29 / Allies) ilikeanalalot: cuz im a asshole
(04:44 / Allies) YoullCowards: green why teh fuck you up north
(04:52 / Allies) ilikeanalalot: lol im gettin chased
(04:58 / All) YoullCowards: blue you're tarded
(05:01 / Allies) YoullCowards: Fucking god
(05:10 / All) YoullCowards: wtf
(05:13 / Allies) ilikeanalalot: hes making bats
(05:26 / All) ilikeanalalot: ur makin bats blue cuz ur a annoying fuck ;D
(05:29 / All) ilikeanalalot: i no this
(05:49 / Allies) ilikeanalalot: take out blue
(05:51 / Allies) ilikeanalalot: hes retard
(08:18 / All) YoullCowards: pathfinding is a joke in this game
(09:24 / All) YoullCowards: yellow you're daed
(09:51 / All) YoullCowards: You're fuckign dead yellow
(10:20 / Allies) YoullCowards: gold
(10:29 / Allies) YoullCowards: kill the tower
(12:05 / Allies) ilikeanalalot: ']
(13:21 / All) YoullCowards: Wanna step to a real nigga yellow?
(13:57 / Allies) 4G.CRYFOR)EPICA: make m e
(14:38 / All) ICONTROLTHEGAME: mega noob allyss
(14:42 / All) mail-orderBride: its 1v2
(14:43 / All) mail-orderBride: lol
(14:51 / All) Thule: looks like he doesn't control the game
(14:53 / All) Thule: WE CONTROL THE GAME!
(15:17 / All) mail-orderBride: yellow called me pig shit
(15:44 / All) YoullCowards: you simply fucked with teh wrong nigga
(15:54 / All) bubbles.: mmhmm..
(15:59 / All) Thule: That base of yours pink?
(16:01 / All) Thule: Enjoy it while it lasts
(16:07 / All) Thule: nice stuck bm btw
(16:19 / All) bubbles.: stuck?
(16:25 / All) bubbles.: are you black?
(16:31 / All) Thule: what?
(16:35 / All) Thule: wtf
(16:46 / All) Thule: what the fuck does the word stuck have to do with being black?????
(16:48 / All) Thule: are you retarded?
(16:55 / All) bubbles.: youre clearly the tard
(16:58 / All) bubbles.: how is a bm stcuk
(17:01 / All) bubbles.: stuck*
(17:05 / All) Thule: ........
(17:08 / All) bubbles.: like i cant flame the trees?
(17:09 / All) Thule: your bm was stuck behind the trees
(17:14 / All) bubbles.: tard
(17:21 / All) Thule: yeah and now your base is wide open for it to be raped
(17:27 / All) Thule: wide stretched open
(17:38 / All) bubbles.: like your pussy
(17:40 / All) Thule: flame strike yourself you're dead
(17:52 / All) bubbles.: you are clearly black
(17:54 / All) Dr-Strangelove: oj has balls of jelly
(17:55 / All) bubbles.: mad and youre winning
(17:59 / All) Dr-Strangelove: a little pussy boy
(18:01 / All) mail-orderBride: fu yellow!!
(18:02 / All) YoullCowards: I fucking HATE this path finding shit
(18:07 / All) Thule: is that the only insult you know sheepfucker?
(18:16 / All) bubbles.: spear chunker
(18:21 / All) Thule: lol
(18:22 / All) YoullCowards: fucking sapper didn't go where Iwanted it to and kaboomed anyway
(18:25 / All) YoullCowards: killing another sapper
(18:32 / All) Thule: don't even try any other insults
(18:34 / All) Thule: you're shit
(18:40 / All) Thule: and it doesn't mean shit when you're dead
(18:42 / All) bubbles.: blue gum
(18:57 / All) Thule: enjoying being 0/0?
(19:07 / All) bubbles.: enjoy being black?
(19:08 / Allies) YoullCowards: Do something about it teal
(19:56 / All) mail-orderBride: yelllow is definitely an arrogant prick
(19:57 / All) mail-orderBride: u guys
(20:01 / All) Thule: he's meat
(20:48 / All) Dr-Strangelove: pigshit
(20:57 / All) Thule: queefchief
(21:13 / All) Thule: pigshit is all that's going down your throat right now
(21:17 / All) Thule: because you're getting fucking raped
(21:38 / All) bubbles.: you have got to have a horrible life
(21:42 / All) Thule: lol
(21:49 / All) Thule: I'm sure you know from your armchair psychiatry skills
(21:53 / All) bubbles.: so much animosity and hes winning
(22:40 / All) mail-orderBride: y do i always get the bad alleis
(22:45 / All) bubbles.: LMAO
(22:48 / All) bubbles.: says the one
(22:54 / All) bubbles.: who asks for gold
(22:55 / Allies) Thule: I was going to take that expo
(22:58 / All) bubbles.: when he has 2600
(23:08 / Allies) YoullCowards: I was already sending shit bro
(23:14 / Allies) YoullCowards: peons are slower than militia
(23:15 / All) mail-orderBride: yellow is like 1/10 of my skill
(23:17 / Allies) Thule: I was too not sure who arrived first
(23:21 / Allies) YoullCowards: me
(24:01 / All) bubbles.: oj claims hes winning
(24:44 / All) Thule: load up 'em burrows
(25:00 / All) mail-orderBride: im pro yellow is nobo!
(25:05 / All) mail-orderBride: pink is noob too!
(25:12 / All) Thule: yellow is trash you are definitely the better player
(25:18 / All) Thule: you have a base
(26:16 / All) mail-orderBride: lol
(26:22 / All) mail-orderBride: stfu yellow
(26:29 / All) mail-orderBride: i have level 29 alt
(26:29 / All) Thule: yeah yellow shut the fuck up you piece of trash
(26:31 / All) mail-orderBride: u do not
(26:32 / All) Thule: speak if spoken to
(26:36 / All) Thule: nothing you say is worth listening to
(26:46 / All) Thule: what you say is probably only as good and important as your play
(26:52 / All) Thule: as in, utter shit, utter useless, utter irrelevant, etc
(26:53 / All) mail-orderBride: stfu
(26:55 / All) mail-orderBride: yellow
(26:56 / All) mail-orderBride: ashole
(26:58 / All) Thule: YELLOW
(26:59 / All) Thule: SHUT
(26:59 / All) Thule: THE
(27:00 / All) Thule: FUCK
(27:01 / All) Thule: UP
(27:11 / All) Dr-Strangelove: jelly balls is creeping
(27:16 / All) Dr-Strangelove: rofl
(27:30 / All) mail-orderBride: yellow is a asshole
(27:32 / All) mail-orderBride: i swear
(27:34 / All) Thule: better jelly balls than bruised balls
(27:40 / All) mail-orderBride: im winnign 1v4 and he keeps telling me tod ie
(27:41 / All) Thule: asspained yellow
(27:50 / All) mail-orderBride: gonna tell my auntie sue about him
(28:00 / All) Thule: he keeps making grunts and shit to give me free XP
(28:05 / All) Thule: what an obedient little fuckwit
(28:23 / All) Thule: yellow keep feeding us lol
(28:29 / All) Thule: it's doing well for your team!
(28:45 / All) Thule: but then with how you play you'd feed every game whether you try or not
(29:04 / All) YoullCowards: how did teals hero even die
(32:06 / Allies) ilikeanalalot: wtf
(32:13 / Allies) Thule: what
(32:13 / All) ilikeanalalot: hows the game not over
(32:19 / All) mail-orderBride: im pro thats y
(32:37 / All) ilikeanalalot: ima send a shade and check this out
(33:24 / All) Thule: I'm gonna spell out FAG
(33:39 / All) mail-orderBride: wtf
(33:57 / All) ilikeanalalot: hahhahahaha hes actually doing it
(34:00 / All) ilikeanalalot: looks sharp
(34:32 / All) ilikeanalalot: a dick wud be funnier
(34:33 / All) ilikeanalalot: tho
(34:34 / All) mail-orderBride: okay listen up
(34:47 / All) mail-orderBride: this game was rigged, we are brothers in the same dorm room
(34:56 / All) mail-orderBride: we're killing ALL units and leaving the game
(34:57 / All) ilikeanalalot: non sense
(34:59 / All) mail-orderBride: best internet connection wins
(35:19 / All) ilikeanalalot: if so where is my shade @
(35:23 / All) ilikeanalalot: then u r slick
(35:34 / All) Thule: You can keep the shade
(36:06 / All) Thule: They'll all be cannon towers too
(36:22 / All) Dr-Strangelove: lmfao ... just pussy ass jelly balls pigshit oj .... nothing more .... rofl
(36:27 / All) mail-orderBride: lol
(36:29 / Allies) Thule: I might need some gold to complete it, I got 6k wood
(36:33 / All) YoullCowards: pigshit
(36:37 / All) Dr-Strangelove: die jelly balls
(36:37 / All) YoullCowards: lawl we've played this guy before
(36:45 / All) mail-orderBride: oh yes
(36:46 / All) mail-orderBride: we have
(36:48 / All) YoullCowards: I'm pretty sure he's the rolf guy too
(36:49 / All) mail-orderBride: wait a minute
(36:51 / All) mail-orderBride: i remembe rhim
(36:55 / All) mail-orderBride: jesus
(36:59 / All) mail-orderBride: i think he had shaman in his name
(37:05 / All) mail-orderBride: lets
(37:07 / All) mail-orderBride: google it
(37:08 / All) YoullCowards: he used to say pigshit whores
(37:15 / All) mail-orderBride: it was on dragonfalls
(37:28 / All) mail-orderBride: u can use my zepplins
(37:29 / All) mail-orderBride: pigshits
(37:36 / Allies) Thule: Give me 200 gold
(37:46 / Allies) Thule: ty
(38:35 / All) mail-orderBride: http://highper.ch/index.phppigwhores
(38:36 / All) mail-orderBride: found it
(38:37 / All) YoullCowards: Best of luck to you, gentlemen. May your Internets never falter
(38:50 / All) mail-orderBride: (39:46 / Allies) No-Fear.: die you pathetic cunts(39:56 / Allies) No-Fear.: pigshit losers
(38:53 / All) mail-orderBride: no-fear aka
(39:00 / All) Thule: Gonna wait for the towers to finish before I leave
(39:10 / All) YoullCowards: See around, pigshit
(39:13 / All) YoullCowards: see ya*
(39:19 / All) Thule: Just above that you have to reveal
(39:26 / All) mail-orderBride: where
(39:29 / All) Thule: right there
(39:31 / All) Thule: and to the right
(39:34 / All) Thule: yeah
(39:35 / All) mail-orderBride: nice
(39:42 / All) Thule: Towers finished upgrading
(39:44 / All) Thule: Good luck everyone
(39:47 / All) Thule: LET IT BEGIN, LET IT BEGIN!
(39:55 / All) mail-orderBride: best internet wins
(39:58 / All) mail-orderBride: we'll whisper u tomorrow
(40:01 / All) mail-orderBride: dr.strangelove
(40:03 / All) mail-orderBride: aka no0-fear